 Dungeon Crawl Stone Soup version 0.29-a0-323-g050149af67 (webtiles) character file.

Game seed: 2100423050059714806

701 Jortsu the Ruffian (level 7, 0/66 HPs)
             Began as a Troll Hunter on Apr 11, 2022.
             Was a Plaything of Xom.
             Slain by an ufetubus (4 damage)
             ... on level 4 of the Dungeon.
             The game lasted 00:05:51 (2497 turns).

Jortsu the Ruffian (Troll Hunter)                   Turns: 2497, Time: 00:05:51

Health: 0/66       AC:  4    Str: 20    XL:     7   Next: 38%
Magic:  6/6        EV: 11    Int:  5    God:    Xom [.*....]
Gold:   269        SH:  0    Dex: 15    Spells: 6/6 levels left

rFire   . . .      SeeInvis .     - Unarmed
rCold   . . .      Faith    .   (no shield)
rNeg    . . .      Spirit   .   b - +0 robe
rPois   .          Reflect  .   (helmet restricted)
rElec   .          Harm     .   (no cloak)
rCorr   .          Rampage  .   (gloves unavailable)
Will    .....                   (boots unavailable)
Stlth   ++........              (no amulet)
HPRegen 1.01/turn               g - ring of flight
MPRegen 0.10/turn               (no ring)

@: flying
A: large, unfitting armour, claws 3, regeneration 1, shaggy fur 1, tough skin 1
a: Renounce Religion


You were on level 4 of the Dungeon.
You worshipped Xom.
You were a plaything of Xom.
You visited 1 branch of the dungeon, and saw 5 of its levels.

You collected 269 gold pieces.

Inventory:

Hand Weapons
 a - a +1 hunting sling
Missiles
 o - 2 large rocks (quivered)
Armour
 b - a +0 robe (worn)
Jewellery
 g - a ring of flight (left claw)
 r - a ring of fire
Wands
 e - a wand of acid (7)
Scrolls
 c - a scroll of immolation
 f - 2 scrolls of magic mapping
 i - a scroll of fog
Potions
 d - a potion of might
 h - a potion of lignification {unknown}
 j - 2 potions of brilliance {unknown}
 k - a potion of magic {unknown}
 l - 2 potions of curing
 m - a potion of heal wounds {unknown}
 n - a potion of flight {unknown}
 q - a potion of degeneration {unknown}


   Skills:
 + Level 2.5 Fighting
 + Level 3.3 Slings
 + Level 3.3 Dodging
 + Level 1.3 Stealth
 + Level 5.6 Unarmed Combat


You had 6 spell levels left.
You didn't know any spells.
Your spell library was empty.

Dungeon Overview and Level Annotations

Branches:
Dungeon (5/15)
 Temple: D:4-7

Altars:
Ru
Sif Muna
Vehumet
Xom

Annotations:
D:4 1 runed translucent door, Morbidden's ghost, amateur DsCj


Innate Abilities, Weirdness & Mutations

You are too large for most types of armour.
You have claws for hands.
Your natural rate of healing is unusually fast.
You are covered in fur. (AC +1)
You have tough skin. (AC +1)


Message History

The black bear closely misses you.
You scratch the black bear.
The black bear is moderately wounded.
The black bear bites you!
* * * LOW HITPOINT WARNING * * *
The black bear claws you but does no damage. x2
You claw the black bear!
The black bear is heavily wounded.
The black bear bites you.
* * * LOW HITPOINT WARNING * * *
The black bear barely misses you. The black bear closely misses you.
You claw the black bear!
You kill the black bear!
You barely miss the white imp.
The white imp hits you but does no damage.
You closely miss the white imp. You barely miss the white imp.
The white imp gestures at you. The puff of frost hits you.
* * * LOW HITPOINT WARNING * * *
You completely miss the white imp.
The white imp hits you but does no damage.
You scratch the white imp.
The white imp is lightly wounded.
The white imp gestures at you. The puff of frost hits you.
* * * LOW HITPOINT WARNING * * *
You claw the white imp!
You kill the white imp!
The ufetubus misses you. The ufetubus barely misses you.
You closely miss the ufetubus. The ufetubus closely misses you.
The ufetubus hits you.
* * * LOW HITPOINT WARNING * * *
You miss the ufetubus. The ufetubus barely misses you.
The ufetubus hits you but does no damage.
You scratch the ufetubus.
The ufetubus is heavily wounded.
The ufetubus hits you.
You die... "It's all fun and games until someone loses an eye."

#####...#####...###..###..#.##.#
##....#.....#.#####......#..##.##
...####..................(......[
..............######..#.##.####.#
#########..#...............# ##..
# #.###########..##### #... # #.#
#..#######... #
##.###########............ #
#..##.>.5@.))...#######...
########.##..########...######.##
##..........## #....##....#
...........## #....<..####
...........# #.#..####
........<..# ###.#..#
.>..รท......# #.....##
...........## #.....#
............#######.....#


You could see an ufetubus.

Vanquished Creatures
  Sigmund (D:3)
  A black bear (D:4)
  A scorpion (D:4)
  2 orc priests (D:4)
  A hound (D:4)
  An iguana (D:4)
  An orc wizard (D:4)
  10 gnolls
  9 adders
  A white imp (D:4)
  2 worms (D:2)
  A dart slug (D:1)
  3 orcs
  7 bats
  5 endoplasms
  3 giant cockroaches
  4 hobgoblins
  4 quokkas
  3 ball pythons (D:2)
  2 frilled lizards
  8 goblins
  9 kobolds
  8 rats
87 creatures vanquished.

Notes
Turn   | Place    | Note
-------+----------+-------------------------------------------
     0 | D:1      | Jortsu the Troll Hunter began the quest for the Orb.
     0 | D:1      | Reached XP level 1. HP: 19/19 MP: 0/0
   134 | D:1      | Reached XP level 2. HP: 25/27 MP: 1/1
   485 | D:2      | Reached XP level 3. HP: 31/33 MP: 2/2
   554 | D:2      | Reached skill level 1 in Unarmed Combat
   694 | D:2      | Reached XP level 4. HP: 28/42 MP: 3/3
   991 | D:2      | Reached skill level 2 in Unarmed Combat
  1246 | D:3      | Noticed Sigmund
  1293 | D:3      | Killed Sigmund
  1294 | D:3      | Reached skill level 3 in Unarmed Combat
  1294 | D:3      | Reached XP level 5. HP: 5/49 MP: 4/4
  1294 | D:3      | Reached XP level 6. HP: 6/57 MP: 5/5
  1470 | D:3      | Found a sacrificial altar of Ru.
  1582 | D:3      | Reached skill level 4 in Unarmed Combat
  1627 | D:3      | Reached skill level 1 in Stealth
  1629 | D:3      | Found a faded altar of an unknown god.
  1638 | D:3      | Prayed at the altar of an unknown god.
  1638 | D:3      | Became a worshipper of Xom of Chaos
  2079 | D:4      | Found a shimmering blue altar of Sif Muna.
  2135 | D:4      | Reached skill level 5 in Unarmed Combat
  2135 | D:4      | Reached XP level 7. HP: 35/66 MP: 6/6
  2204 | D:4      | Found a runed translucent door.
  2208 | D:4      | Noticed Morbidden's ghost (amateur DsCj)
  2229 | D:4      | Found a radiant altar of Vehumet.
  2470 | D:5      | Entered Level 5 of the Dungeon
  2474 | D:5      | XOM: divination: detect creatures
  2493 | D:4      | HP: 2/66 [white imp/puff of frost (6)]
  2497 | D:4      | Slain by an ufetubus

Illustrated notes

Levels and vault maps discovered:
D:1:      spicycebolla_arrival_teleporter_tutorial, layout_rooms
D:2:      layout_loops_cross
D:3:      layout_loops_cross, nicolae_ru_path_of_blood,
          hellmonk_ecumenical_altar_lost_god, uniq_sigmund
D:4:      layout_rooms, mainiacjoe_overflow_boulevard, fiery_altar_vehumet,
          ebering_ghost_sewer_d
D:5:      layout_cave_pools, lemuel_zombie_altar_yredelemnul,
          hellmonk_ghost_happy_afterlife, chequers_jeans

Skill      XL: |  1  2  3  4  5  6 |
---------------+-------------------+-----
Slings         | 3 |  3.3
Unarmed Combat | 1 3 5 |  5.6
Fighting       | 2 |  2.5
Dodging        | 2 3 |  3.3
Stealth        | 1 |  1.3

Action                   |  1- 3 |  4- 6 |  7- 9 || total
-------------------------+-------+-------+-------++-------
Melee: Unarmed           |    91 |   140 |    24 ||   255
       Punch             |     2 |     2 |       ||     4
  Use: Scroll            |     4 |     3 |     1 ||     8
 Stab: Sleeping          |     2 |     2 |     1 ||     5
Armor: Robe              |    59 |    42 |    13 ||   114
Dodge: Dodged            |    82 |    70 |    16 ||   168

Table legend: (Time is in decaauts)
 A = Elapsed time spent in this place.
 B = Non-inter-level travel time spent in this place.
 C = Inter-level travel time spent in this place.
 D = Time resting spent in this place.
 E = Time spent auto-exploring this place.
 F = Levels seen in this place.
 G = Mean time per level.
                   A        B        C        D        E       F      G
               +--------+--------+--------+--------+--------+-----+--------+
         Total |   2487 |   2356 |    131 |     86 |   1430 |   5 |  497.4 |
       Dungeon |   2487 |   2356 |    131 |     86 |   1430 |   5 |  497.4 |
               +--------+--------+--------+--------+--------+-----+--------+

Top non-repeatable levels by time:
     D:2: 755 daAuts
     D:3: 746 daAuts
     D:1: 511 daAuts
     D:4: 465 daAuts
     D:5: 9 daAuts
